AoeStats
← gob b

African Clearing

504330279Analyzed
4v4 RM · 27d ago on Sep 4, 2026· 20m 17s· 8 players
Game mode
Random Map
Map size
Large (8 player)
Population
200
Speed
Normal
Resources
Standard
Victory
Conquest
Starting age
Dark Age
Ending age
Imperial Age
RankedLock teamsTeams togetherTeam positionsShared explorationLock speedFull tech treeHidden civsTurbo modeCheats
Victory
Defeat
🇺🇸 Japanese · United States
1145
+19
🇺🇸 Malians · United States
1143
+19
🇺🇸 Vietnamese · United States
1140
+19
🇺🇸 Celts · United States
1105
+20
🇪🇸 Chinese · Spain
1225
-21
🇹🇷 Lithuanians · Türkiye
1206
-19
🇮🇳 Wei · India
1194
-19
🇲🇽 Persians · Mexico
1182
-18
Frion
10:34 Loom
12:56 Feudal Age
14:18 Man-at-Arms
19:06 Arson
19:13 Fletching
Fortune1621
10:01 Loom
11:59 Feudal Age
12:43 Double-Bit Axe
16:05 Bloodlines
16:47 Wheelbarrow
19:04 Town Watch
20:27 Forging
0Atlas0
4:55 Loom
16:05 Feudal Age
17:08 Double-Bit Axe
17:36 Man-at-Arms
18:28 Forging
18:25 Scale Mail Armor
22:29 Castle Age
20:34 Arson
The Cheeky Crusader
15:32 Feudal Age
19:36 Castle Age
18:03 Double-Bit Axe
18:54 Fletching
Dijhinn
3:36 Loom
13:16 Feudal Age
logibll777
6:09 Loom
14:16 Feudal Age
[BuluC]Not_the_Viper
3:23 Loom
13:41 Feudal Age
gob b
5:26 Loom
16:01 Feudal Age
21:38 Castle Age
19:31 Double-Bit Axe
Connection lost

Rejoining the realm…

Still unreachable

The connection could not be restored.

Session expired

The server has moved on; the page needs a fresh start.